Map: 缀蓝秋原-天梯版

Players

Zanster - Winner!

  • Race: Zerg Zerg
  • Spawn Location: 7:00

cloudy

  • Race: Protoss Protoss
  • Spawn Location: 1:00

Event: WCS Montreal 2018

VOD

Have the link to the VOD?

Description

Time

  • Played on: Sept. 7, 2018, 4:48 p.m.
  • Length: 18:42

All games in this series

Show
View Real Time Build Order
Export as new Build Order

Zanster Zerg - Winner!

Build Orders: Hatch First, Brood Lord Corruptor, Lurkers, Roach Hydra 

Get SALT Encoding   

  12  0:00  Drone  
  13  0:13  Overlord  
  13  0:17  Drone  
  14  0:31  Drone x2  
  16  0:48  Hatchery  
  15  0:51  Drone  
  15  0:55  Drone  
  17  0:59  Drone  
  18  1:09  Extractor  
  17  1:14  Spawning Pool  
  17  1:17  Drone  
  17  1:20  Drone  
  18  1:29  Drone  
  20  1:40  Drone  
  20  1:51  Overlord  
  20  2:01  Queen x2  
  20  2:06  Zergling x4  
  26  2:13  Drone x2  
  26  2:14  Metabolic Boost  
  28  2:22  Drone  
  29  2:23  Drone  
  30  2:32  Drone  
  31  2:39  Drone, Hatchery  
  31  2:46  Queen  
  31  2:50  Drone  
  34  2:54  Overlord  
  34  2:56  Drone  
  34  2:58  Drone  
  35  3:13  Drone  
  35  3:14  Drone x7  
  35  3:17  Overlord  
  43  3:24  Overlord  
  43  3:26  Spore Crawler  
  42  3:28  Drone  
  42  3:34  Overlord  
  43  3:38  Drone  
  44  3:43  Drone  
  44  3:46  Drone x3, Queen  
  44  3:47  Spore Crawler  
  49  3:48  Drone  
  49  3:50  Zergling x2  
  49  3:51  Zergling x2  
  49  3:53  Drone  
  49  3:55  Drone  
  54  4:00  Drone  
  55  4:03  Drone  
  55  4:04  Drone  
  55  4:06  Spore Crawler, Drone  
  57  4:10  Lair  
  57  4:12  Drone  
  57  4:15  Drone x3  
  57  4:16  Drone  
  62  4:20  Extractor  
  62  4:21  Extractor  
  60  4:25  Roach Warren  
  60  4:26  Drone  
  60  4:29  Drone x2  
  62  4:31  Drone  
  62  4:32  Drone  
  62  4:33  Drone  
  62  4:38  Spore Crawler  
  64  4:41  Overlord  
  64  4:44  Overlord  
  65  4:47  Extractor, Overlord  
  65  4:48  Overlord  
  65  4:52  Drone  
  65  4:57  Drone  
  65  4:59  Drone x8  
  74  5:03  Drone x2  
  74  5:04  Overlord  
  76  5:08  Glial Reconstitution  
  76  5:11  Burrow  
  78  5:14  Roach x3  
  78  5:16  Roach  
  78  5:20  Roach x2  
  88  5:21  Extractor  
  88  5:26  Roach x3  
  88  5:27  Extractor  
  93  5:29  Overlord  
  93  5:32  Roach x2  
  93  5:34  Overseer  
  97  5:38  Overlord  
  97  5:42  Hatchery  
  96  5:44  Roach  
  96  5:48  Roach  
  96  5:49  Roach x2  
  104  5:53  Overlord  
  104  5:54  Roach x2  
  104  5:56  Roach  
  112  5:57  Roach  
  112  6:03  Overlord  
  112  6:10  Roach  
  112  6:11  Roach x4  
  122  6:12  Overlord x2  
  122  6:19  Roach  
  122  6:20  Roach x2  
  122  6:22  Overlord  
  128  6:27  Tunneling Claws, Evolution Chamber  
  128  6:32  Extractor, Drone x5  
  131  6:35  Drone  
  131  6:38  Hydralisk Den  
  127  6:47  Roach x8  
  127  6:49  Roach x4  
  127  6:50  Roach x4  
  143  6:58  Zerg Missile Weapons Level 1  
  141  7:02  Roach x4  
  149  7:09  Overlord  
  149  7:14  Drone x10, Roach x5  
  155  7:21  Drone x4  
  156  7:30  Lurker Den  
  156  7:36  Roach x9  
  155  7:45  Drone  
  155  7:46  Drone x7  
  155  7:47  Extractor  
  155  7:48  Extractor  
  161  7:57  Overlord, Roach x9  
  159  8:10  Hydralisk x3  
  159  8:11  Hydralisk x8  
  169  8:13  Hatchery  
  166  8:20  Hydralisk  
  166  8:21  Hydralisk x5  
  178  8:30  Roach x3  
  178  8:31  Overlord x2  
  178  8:34  Grooved Spines  
  184  8:37  Roach x6  
  184  8:46  Overseer  
  184  8:49  Overlord  
  184  8:52  Hatchery  
  184  8:55  Roach x9  
  177  9:04  Hydralisk x10, Roach  
  177  9:05  Roach x6  
  177  9:09  Infestation Pit  
  198  9:19  Zerg Missile Weapons Level 2  
  192  9:24  Evolution Chamber  
  185  9:37  Roach x6  
  199  9:43  Lurker x6  
  199  9:45  Muscular Augments  
  199  9:50  Hive  
  187  10:21  Zerg Ground Armor Level 1  
  185  10:26  Spire  
  184  10:30  Extractor  
  184  10:33  Extractor, Spore Crawler  
  176  10:37  Roach x12  
  176  10:41  Roach x2  
  198  10:58  Lurker x2  
  200  11:10  Lurker x2  
  200  11:11  Lurker x2  
  196  11:21  Lurker  
  196  11:22  Lurker x3  
  196  11:24  Hydralisk  
  187  11:37  Drone x6  
  186  11:49  Extractor  
  186  11:50  Hydralisk x10  
  198  11:55  Zerg Missile Weapons Level 3  
  198  11:56  Adaptive Talons  
  198  12:08  Roach  
  198  12:09  Roach  
  200  12:20  Hydralisk, Roach x9  
  200  12:21  Roach x3  
  192  12:30  Roach x7  
  192  12:35  Roach x2  
  194  12:52  Extractor  
  194  12:55  Roach x2  
  193  13:00  Hydralisk x3  
  193  13:05  Zerg Ground Armor Level 2  
  199  13:07  Greater Spire  
  199  13:09  Hatchery  
  199  13:10  Lurker x2  
  200  13:20  Hatchery  
  200  13:22  Spore Crawler  
  200  13:23  Overseer  
  200  13:26  Spore Crawler x2  
  184  13:29  Corruptor x10  
  184  13:31  Roach x3  
  190  13:36  Drone  
  184  13:58  Drone x5  
  184  13:59  Drone x2  
  170  14:19  Brood Lord x2  
  170  14:20  Brood Lord x6  
  181  14:29  Hydralisk x5  
  187  14:41  Brood Lord  
  187  14:44  Brood Lord  
  187  14:45  Drone x5  
  196  14:49  Hatchery  
  197  14:52  Roach  
  197  14:53  Roach  
  199  15:12  Extractor  
  199  15:13  Extractor  
  191  15:17  Hydralisk x4  
  195  15:26  Hydralisk x4  
  199  15:37  Overseer x2  
  199  15:38  Overseer  
  195  15:46  Zerg Ground Armor Level 3  
  195  15:47  Zerg Melee Weapons Level 1  
  187  16:01  Drone x2  
  187  16:02  Drone x3  
  187  16:03  Zerg Flyer Armor Level 1  
  190  16:05  Drone x2  
  190  16:09  Spore Crawler  
  188  16:13  Corruptor  
  188  16:14  Corruptor x3  
  192  16:29  Corruptor x3  
  198  16:47  Hatchery  
  197  16:58  Hatchery  
  194  17:08  Overseer  
  194  17:12  Spore Crawler  
  194  17:13  Spore Crawler  
  192  17:21  Corruptor  
  192  17:22  Corruptor x4  
  188  17:37  Corruptor x6  
  200  17:53  Hatchery  
  200  17:54  Overseer  
  200  17:55  Overseer  
  200  17:57  Hatchery  
  198  18:03  Hatchery  
  186  18:07  Hydralisk  
  186  18:08  Hydralisk x7  
  196  18:20  Overseer x2  
Show
View Real Time Build Order
Export as new Build Order

cloudy Protoss 

Build Orders: 1 Gate Expand, Oracle Opening, Phoenix Opening, Archon Immortal, Zealot Archon, Archon Drop 

Get SALT Encoding   

  12  0:01  Probe  
  13  0:13  Probe  
  14  0:20  Pylon  
  14  0:25  Probe  
  15  0:34  Probe  
  15  0:39  Gateway  
  16  0:42  Probe  
  16  0:48  Assimilator  
  17  0:52  Probe  
  18  1:04  Probe  
  19  1:16  Probe  
  20  1:26  Nexus  
  20  1:35  Cybernetics Core  
  20  1:39  Probe  
  21  1:47  Assimilator  
  21  1:51  Probe  
  22  1:55  Pylon  
  22  2:03  Probe  
  22  2:04  Adept  
  23  2:14  Probe  
  25  2:20  Stargate  
  26  2:23  Probe  
  26  2:29  Warp Gate  
  27  2:31  Probe  
  27  2:34  Adept  
  30  2:38  Probe  
  30  2:40  Probe  
  32  2:48  Probe  
  32  2:50  Probe  
  33  2:57  Phoenix, Probe  
  34  3:02  Probe  
  38  3:09  Probe  
  39  3:14  Probe  
  39  3:16  Oracle  
  40  3:20  Pylon  
  40  3:21  Probe  
  44  3:27  Probe  
  44  3:32  Assimilator  
  44  3:33  Probe  
  46  3:34  Assimilator  
  46  3:40  Robotics Facility, Probe  
  47  3:45  Probe  
  48  3:52  Probe  
  49  3:57  Probe  
  49  4:00  Twilight Council  
  50  4:04  Probe  
  50  4:05  Pylon  
  50  4:09  Probe  
  52  4:16  Probe  
  53  4:18  Warp Prism  
  53  4:21  Gateway, Probe  
  53  4:22  Gateway  
  54  4:24  Gateway  
  56  4:33  Pylon  
  56  4:41  Zealot  
  58  4:46  Templar Archives  
  58  4:53  Pylon  
  58  5:00  Nexus  
  58  5:02  Probe  
  58  5:03  Probe  
  60  5:12  Observer  
  60  5:13  Forge  
  60  5:15  Probe x2  
  63  5:25  High Templar x4  
  71  5:28  Archon  
  71  5:29  Archon  
  71  5:31  Pylon  
  71  5:32  Probe  
  71  5:33  Immortal, Probe  
  77  5:38  Pylon  
  77  5:42  Gateway  
  77  5:45  Gateway  
  77  5:48  Probe  
  77  5:49  Probe  
  79  6:00  Probe  
  79  6:01  Probe  
  81  6:12  Immortal  
  81  6:13  Probe x2  
  81  6:14  Probe  
  88  6:20  Robotics Facility  
  88  6:23  Assimilator  
  88  6:25  Probe x2, Assimilator  
  89  6:27  Probe, Sentry x2  
  89  6:32  Shield Battery  
  95  6:33  Shield Battery  
  95  6:39  Pylon, Shield Battery  
  95  6:42  Zealot  
  95  6:46  Charge  
  93  6:47  Zealot  
  93  6:49  Protoss Ground Weapons Level 1  
  93  6:51  Immortal  
  93  6:53  Probe x3  
  100  6:58  Immortal  
  100  7:05  Probe x2  
  106  7:14  Zealot x4  
  114  7:19  Zealot x2  
  114  7:22  Probe x2  
  115  7:28  Photon Cannon  
  113  7:31  Immortal  
  113  7:32  Pylon  
  113  7:33  Pylon  
  115  7:38  Phoenix, Zealot  
  114  7:44  Probe  
  114  7:47  Immortal  
  114  7:50  Photon Cannon  
  121  7:53  Pylon  
  121  8:05  Immortal  
  117  8:06  Zealot x2  
  117  8:07  Zealot x4  
  129  8:13  Psionic Storm, Probe  
  129  8:17  Probe  
  135  8:21  Gateway  
  135  8:27  Gateway  
  135  8:35  High Templar x3  
  135  8:39  Pylon  
  135  8:41  Pylon  
  141  8:45  Pylon, Protoss Ground Weapons Level 2  
  141  8:47  Pylon  
  141  9:01  Probe x3  
  144  9:04  Photon Cannon  
  144  9:08  Pylon  
  144  9:11  Observer  
  144  9:13  Probe x3  
  144  9:15  Zealot x5  
  148  9:27  Immortal  
  143  9:32  Zealot  
  143  9:33  Probe x2  
  143  9:34  Probe  
  143  9:37  Zealot  
  145  9:41  Probe x2  
  147  9:49  High Templar x3  
  153  9:52  High Templar x2  
  153  9:53  Archon  
  153  9:57  Zealot  
  157  10:01  Archon  
  157  10:03  Immortal  
  157  10:12  Immortal  
  157  10:17  Oracle  
  164  10:35  Pylon  
  152  10:36  High Templar x5  
  152  10:37  Immortal  
  152  10:40  Nexus  
  166  10:57  Zealot x3  
  166  11:15  Zealot x4  
  166  11:16  Zealot  
  174  11:19  Immortal  
  178  11:31  Fleet Beacon  
  178  11:32  Immortal  
  182  11:46  Archon  
  180  11:54  Observer  
  177  11:58  Zealot x6  
  177  11:59  Zealot x2  
  190  12:22  Immortal, Zealot x8  
  163  12:47  High Templar x8  
  163  12:51  Archon x3  
  179  12:52  Archon  
  179  12:59  Observer  
  180  13:07  Probe x3  
  180  13:08  Probe  
  184  13:19  Mothership, Probe x2  
  182  13:23  Zealot x5  
  187  13:32  Warp Prism  
  187  13:37  Immortal  
  199  13:55  Pylon  
  199  14:02  Zealot  
  197  14:11  Photon Cannon  
  197  14:12  Zealot x3  
  196  14:21  Stargate  
  196  14:23  Probe x2  
  194  14:24  Assimilator  
  194  14:25  Stargate  
  194  14:28  Assimilator, Dark Shrine  
  192  14:35  Zealot  
  192  14:36  Zealot x6  
  193  15:03  Tempest  
  189  15:10  Tempest  
  196  15:28  Nexus, Tempest, Zealot x6  
  197  15:45  Pylon  
  185  15:53  Zealot x2  
  185  15:59  Dark Templar x3  
  185  16:03  Tempest  
  191  16:10  Protoss Air Weapons Level 1  
  197  16:29  Oracle  
  198  16:41  Probe  
  198  16:42  Probe  
  197  17:11  Assimilator  
  197  17:15  Assimilator  
  193  17:16  Oracle  
  191  17:33  Tempest  
  197  17:47  Dark Templar  
  194  18:02  Dark Templar x5  
Tags
 
Add a new tag
Caveats
  • Supply blocks, unpowered buildings, or Contaminate may cause inaccurate times.
  • Supply counts are checked every 10 seconds.